 Dungeon Crawl Stone Soup version 0.29.1-2-gbd0b4ee654 (webtiles) character file.

Game seed: 3761387370286556300

200 Ivernyr the Chiller (level 5, 0/37 (45) HPs)
             Began as a Naga Ice Elementalist on Nov 2, 2022.
             Slain by Edmund
             ... wielding a +0 flail of draining
              (10 damage)
             ... on level 4 of the Dungeon.
             The game lasted 00:07:29 (3178 turns).

Ivernyr the Chiller (Naga Ice Elementalist)         Turns: 3178, Time: 00:07:30

HP:   0/37 (45)     AC:  3    Str: 10    XL:     5   Next: 79%
MP:   1/9           EV: 10    Int: 18    God:
Gold: 169           SH:  0    Dex: 11    Spells: 3/10 levels left

rFire   . . .      SeeInvis +   l - +0 whip
rCold   . . .      Faith    .   (no shield)
rNeg    . . .      Spirit   .   a - +0 robe
rPois   +          Reflect  .   (no helmet)
rElec   .          Harm     .   (no cloak)
rCorr   .          Rampage  .   k - +0 pair of gloves
Will    .....                   (no barding)
Stlth   ++........              (no amulet)
HPRegen 0.12/turn               (no ring)
MPRegen 0.11/turn               (no ring)

@: heavily drained, very slow
A: AC +1, large, see invisible, deformed body, poison resistance, slowness 2,
spit poison 1, naga tail 1
a: Spit Poison


You were on level 4 of the Dungeon.
You visited 1 branch of the dungeon, and saw 4 of its levels.

You collected 169 gold pieces.

Inventory:

Hand Weapons
 l - a +0 whip (weapon)
Armour
 a - a +0 robe (worn)
 k - a +0 pair of gloves (worn)
Wands
 o - a wand of paralysis (9)
Scrolls
 c - a scroll of poison {unknown}
 d - a scroll of butterflies {unknown}
 e - 2 scrolls of teleportation {unknown}
 g - 3 scrolls of immolation {unknown}
 i - a scroll of fear {unknown}
 j - 2 scrolls of magic mapping {unknown}
 m - a scroll of identify {unknown}
Potions
 b - a potion of magic
 f - 4 potions of curing {unknown}
 h - a potion of lignification {unknown}
 n - a potion of ambrosia {unknown}
 p - a potion of attraction {unknown}
 q - 2 potions of resistance {unknown}


   Skills:
 + Level 2.1 Fighting
 + Level 2.4 Dodging
 - Level 3.0 Stealth
 + Level 3.0 Spellcasting
 * Level 5.3 Ice Magic


You had 3 spell levels left.
You knew the following spells:

 Your Spells              Type           Power      Damage    Failure   Level
a - Freeze                Ice            84%        1d10      1%          1
b - Frozen Ramparts       Ice            42%        1d7       5%          3
c - Ozocubu's Armour      Ice            21%        N/A       5%          3

Your spell library contained the following spells:

 Spells                   Type           Power      Damage    Failure   Level
 Poisonous Vapours        Pois/Air       4%         N/A       24%         2
 Hailstorm                Conj/Ice       12%        3d5       50%         4
 Corpse Rot               Necr/Pois/Air  2%         N/A       85%         4


Dungeon Overview and Level Annotations

Branches:
Dungeon (4/15)
 Temple: D:4-7

Altars:
Qazlal

Annotations:
D:4 Edmund


Innate Abilities, Weirdness & Mutations

Your serpentine skin is tough. (AC +1)
You have supernaturally acute eyesight. (SInv)
Armour fits poorly on your strangely shaped body.
Your system is resistant to poisons. (rPois)
You cover ground very slowly.
You can spit poison.
You have a snake-like lower body.


Message History

Aiming: Freeze (safe; 1% risk of failure)
Press: ? - help, Shift-Dir - straight line, f/p - Edmund
Aim: Edmund, wielding a +0 flail of draining and wearing a +0 chain mail (heavily wounded, poisoned)
You freeze Edmund.
Edmund is severely wounded.
The wall freezes Edmund.
Edmund hits you with a +0 flail of draining.
You feel drained.
You can't do that yet.
Unknown command.
You hit Edmund.
Edmund is severely wounded.
You have got your breath back.
The wall freezes Edmund.
Edmund hits you with a +0 flail of draining.
You feel drained.
Aiming: Spit Poison (1% risk of failure)
Press: ? - help, Shift-Dir - straight line, f/p - Edmund
Aim: Edmund, wielding a +0 flail of draining and wearing a +0 chain mail (almost dead, poisoned, 70% to hit)
The splash of poison misses Edmund.
The wall freezes Edmund but does no damage.
Edmund misses you.
Casting: Freeze (safe; 1% risk of failure)
Confirm with . or Enter, or press ? or * to list all spells.
Aiming: Freeze (safe; 1% risk of failure)
Press: ? - help, Shift-Dir - straight line, f/p - Edmund
Aim: Edmund, wielding a +0 flail of draining and wearing a +0 chain mail (almost dead, poisoned)
You freeze Edmund.
Edmund is almost dead.
Edmund looks more healthy.
The wall freezes Edmund but does no damage.
Edmund hits you with a +0 flail of draining.
* * * LOW HITPOINT WARNING * * *
You feel drained.
You hit Edmund.
Edmund is almost dead.
The frozen ramparts melt away.
You have got your breath back.
Edmund hits you with a +0 flail of draining!
You die...

#. ###.# #########
.... ......... #..#
#........
#..###........
#...[......... #
#.#.##........
...#.##...@@.......<
#........###.......
######.### #######
#.# #.# ###.####
#......##
#.#.##..###
#.#.......#


You could see Edmund.

Vanquished Creatures
  A scorpion (D:3)
  Jessica (D:3)
  5 adders
  A dart slug (D:2)
  An orc (D:3)
  4 ball pythons
  4 endoplasms
  4 giant cockroaches
  5 goblins
  A hobgoblin (D:1)
  11 jackals
  6 quokkas
  4 bats
  2 frilled lizards (D:1)
  4 kobolds
  9 rats
63 creatures vanquished.

Notes
Turn   | Place    | Note
-------+----------+-------------------------------------------
     0 | D:1      | Ivernyr the Naga Ice Elementalist began the quest for the
                  | Orb.
     0 | D:1      | Reached XP level 1. HP: 15/15 MP: 3/3
   301 | D:1      | Reached XP level 2. HP: 24/24 MP: 0/5
   375 | D:1      | Found a faded altar of an unknown god.
   561 | D:1      | Reached XP level 3. HP: 26/30 MP: 2/6
   566 | D:1      | Learned a level 3 spell: Frozen Ramparts
   659 | D:1      | Reached skill level 1 in Fighting
  1477 | D:2      | Reached XP level 4. HP: 25/38 MP: 4/7
  2348 | D:3      | Found a stormy altar of Qazlal.
  2427 | D:3      | Noticed Jessica
  2430 | D:3      | Killed Jessica
  2431 | D:3      | Reached skill level 5 in Ice Magic
  2431 | D:3      | Reached XP level 5. HP: 45/45 MP: 6/9
  3133 | D:4      | Learned a level 3 spell: Ozocubu's Armour
  3163 | D:4      | Noticed Edmund
  3178 | D:4      | Slain by Edmund

Illustrated notes

Levels and vault maps discovered:
D:1:      onia_arrival_mini_maze_b, layout_basic, ebering_ecumenical_altar_box,
          serial_bayou_crossing
D:2:      layout_basic, minmay_rat_gold_closets
D:3:      layout_basic, mainiacjoe_overflow_catwalk, chequers_mini_garden,
          uniq_jessica
D:4:      layout_loops_cross, mainiacjoe_overflow_boulevard,
          minmay_overflow_temple_hex, minmay_temple_entry_water_ring,
          ebering_ghost_disaster_area, minmay_close_crescents, uniq_edmund,
          uniq_grinder

Skill      XL: |  1  2  3  4  5 |
---------------+----------------+-----
Fighting       | 1 2 |  2.1
Dodging        | 2 |  2.4
Ice Magic      | 5 |  5.3
Spellcasting   | 3 |  3.0
Stealth        | |  3.0

Action                   |  1- 3 |  4- 6 || total
-------------------------+-------+-------++-------
Melee: Unarmed           |     5 |     1 ||     6
       Whip              |       |     2 ||     2
 Cast: Freeze            |    32 |    38 ||    70
       Frozen Ramparts   |       |     1 ||     1
 Abil: Spit Poison       |    29 |    21 ||    50
Armor: Robe              |    10 |     5 ||    15
Dodge: Dodged            |    17 |    19 ||    36
